 Dungeon Crawl Stone Soup version 0.26.0-45-g9c1d065592 (webtiles) character file.

Game seed: 5953859435166534455

379 kaeus the Gusty (level 6, -5/32 HPs)
             Began as a Gargoyle Air Elementalist on Jan 28, 2021.
             Was a Follower of the Shining One.
             Killed by divine providence
             ... invoked by an orc priest
              (12 damage)
             ... on level 5 of the Dungeon.
             The game lasted 00:06:39 (6442 turns).

kaeus the Gusty (Gargoyle Air Elementalist)         Turns: 6442, Time: 00:06:40

Health: -5/32      AC:  8    Str: 11    XL:     6   Next: 74%
Magic:  9/11       EV: 12    Int: 18    God:    the Shining One [*.....]
Gold:   218        SH:  0    Dex: 10    Spells: 7/12 levels left

rFire    + . .     SeeInvis .   n - -2 hand axe (curse)
rCold    . . .     Faith    .   (no shield)
rNeg     + . .     Spirit   .   a - +0 robe
rPois    ∞         Reflect  .   (no helmet)
rElec    +         Harm     .   p - +1 cloak
rCorr    .         Rampage  .   (no gloves)
Will     .....                  (no boots)
Stlth    +.........             (no amulet)
HPRegen  0.10/turn              h - ring of protection from cold
MPRegen  0.12/turn              r - ring of fire

@: glowing
A: negative energy resistance 1, electricity resistance, unbreathing,
petrification resistance, miasma immunity, AC +4
a: Renounce Religion


You were on level 5 of the Dungeon.
You worshipped the Shining One.
The Shining One was aware of your devotion.
You visited 1 branch of the dungeon, and saw 5 of its levels.

You collected 218 gold pieces.

Inventory:

Hand Weapons
 b - a +0 whip
 n - a cursed -2 hand axe (weapon)
 q - the +10 hand axe of Law {vorpal, *Drain rElec rF++ Dex+2, unknown}
   (You found it on level 4 of the Dungeon)

   It inflicts extra damage upon your enemies.
   It affects your dexterity (+2).
   It greatly protects you from fire.
   It insulates you from electricity.
   It causes draining when unequipped.
 t - a +3 hand axe of flaming
Armour
 a - a +0 robe (worn)
 p - a +1 cloak (worn)
 u - a +2 ring mail of cold resistance
Jewellery
 h - a ring of protection from cold (left hand)
 i - an uncursed ring of protection from cold
 r - a ring of fire (right hand)
Wands
 g - a wand of iceblast (8)
Scrolls
 j - 7 scrolls of identify
 s - a scroll of magic mapping
Potions
 c - 4 potions of brilliance
 d - a potion of haste {unknown}
 e - a potion of magic {unknown}
 f - 3 potions of curing {unknown}
 k - 2 potions of heal wounds {unknown}
 l - a potion of lignification {unknown}
 m - 2 potions of might {unknown}
 o - a potion of flight {unknown}


   Skills:
 - Level 1.5 Dodging
 - Level 2.1 Stealth
 + Level 3.5 Spellcasting
 + Level 3.6 Conjurations
 * Level 4.6 Air Magic


You had 7 spell levels left.
You knew the following spells:

 Your Spells              Type           Power        Failure   Level
a - Shock                 Conj/Air       72%          2%          1
b - Airstrike             Air            9%           22%         4

Your spell library contained the following spells:

 Spells                   Type           Power        Failure   Level
 Magic Dart               Conj           64%          3%          1
 Swiftness                Air            19%          3%          2
 Static Discharge         Conj/Air       18%          9%          3
 Mephitic Cloud           Conj/Pois/Air  13%          16%         3
 Conjure Flame            Conj/Fire      14%          22%         3
 Blink                    Tloc           N/A          24%         2
 Call Imp                 Summ           3%           24%         2
 Slow                     Hex            3%           24%         2
 Lightning Bolt           Conj/Air       9%           61%         5


Dungeon Overview and Level Annotations

Branches:
Dungeon (5/15)             Temple (0/1) D:4

Altars:
Dithmenos
Ru
The Shining One


Innate Abilities, Weirdness & Mutations

You are resistant to torment.
Your stone body is resilient. (AC +4)
You are immune to poison.
You resist negative energy. (rN+)
You are resistant to electric shocks. (rElec)
You can survive without breathing.
You are immune to petrification.
You are immune to miasma.


Message History

You hit the leopard gecko but do no damage.
The ufetubus hits you.
The ufetubus hits you but does no damage.
The leopard gecko bites you but does no damage.
The ufetubus hits you but does no damage. x2
There are monsters nearby!
You take 9 damage, and have 23/32 hp.
MASSIVE DAMAGE!!
You now have 9/11 mp.
A worker ant comes into view.
The ufetubus hits you but does no damage.
The ufetubus completely misses you.
The ufetubus hits you but does no damage. x2
The leopard gecko misses you.
The orc priest invokes the aid of Beogh against you.
Beogh smites you!
Ouch! That really hurt!
* * * LOW HITPOINT WARNING * * *
You take 16 damage, and have 7/32 hp.
MASSIVE DAMAGE!!
The orc priest mumbles some strange prayers to Beogh against you.
Beogh smites you!
You die...

..... .#. .......... ....
.......... ....#
##.......... #...#
#...........
#B.o#########........... .
#.o.................... ...
#.o.5@................
.....#.Bl.####........#....
......†.### ##............
........# ##...........
......... ##..........
.........( #....#.....
........... ##.......##
#........... #......##
##...........######....##


You could see a worker ant, an orc priest, 2 orcs, an ufetubus, a leopard gecko
and a giant cockroach.

Vanquished Creatures
  A phantom (D:4)
  A bullfrog zombie (D:5)
  A hound (D:5)
  A worker ant (D:4)
  A hound zombie (D:5)
  A hound skeleton (D:5)
  6 adders
  A shadow imp (D:4)
  An ooze (D:1)
  An adder zombie (D:5)
  4 worms
  A dart slug (D:2)
  A leopard gecko (D:3)
  5 orcs (D:4)
  7 bats
  4 giant cockroaches
  11 goblins
  10 hobgoblins
  8 jackals
  4 quokkas
  A ball python (D:2)
  4 frilled lizards
  6 kobolds
  13 rats
94 creatures vanquished.

Notes
Turn   | Place    | Note
-------+----------+-------------------------------------------
     0 | D:1      | kaeus the Gargoyle Air Elementalist began the quest for the
                  | Orb.
     0 | D:1      | Reached XP level 1. HP: 10/10 MP: 3/3
   129 | D:1      | Reached XP level 2. HP: 8/15 MP: 0/5
   801 | D:1      | Reached XP level 3. HP: 19/19 MP: 4/6
   864 | D:1      | You fall into a shaft and drop 1 floor!
   887 | D:2      | Reached skill level 3 in Air Magic
  1110 | D:2      | Found a faded altar of an unknown god.
  1317 | D:2      | Found a shadowy altar of Dithmenos.
  1674 | D:2      | Found a sacrificial altar of Ru.
  1736 | D:2      | Reached XP level 4. HP: 23/24 MP: 2/7
  2393 | D:2      | Learned a level 4 spell: Airstrike
  2470 | D:2      | Found a glowing golden altar of the Shining One.
  2560 | D:2      | Became a worshipper of the Shining One
  3628 | D:3      | Reached XP level 5. HP: 28/28 MP: 3/9
  4525 | D:4      | Got a masterwork hand axe
  4576 | D:4      | Found a staircase to the Ecumenical Temple.
  4827 | D:4      | Reached skill level 4 in Air Magic
  4941 | D:4      | Noticed a phantom
  4977 | D:4      | Killed a phantom
  4978 | D:4      | Reached XP level 6. HP: 22/32 MP: 1/10
  5799 | D:5      | Entered Level 5 of the Dungeon
  6411 | D:5      | Reached * piety under the Shining One
  6442 | D:5      | Killed from afar by an orc priest

Illustrated notes

Levels and vault maps discovered:
D:1:      ebering_trefoil_twist, layout_loops_ring, hangedman_decor_riveting,
          minmay_small_reverse_x
D:2:      layout_loops_ring, nicolae_tso_carved_into_rock, lemuel_round_altar,
          nicolae_ru_awakened_eye, chequers_ecumenical_altar_island,
          minmay_joined_circles
D:3:      layout_basic
D:4:      layout_layer_cave, minmay_temple_entry_tees
D:5:      layout_layer_cave

Skill      XL: |  1  2  3  4  5 |
---------------+----------------+-----
Air Magic      | 3 4 |  4.6
Conjurations   | 2 3 |  3.6
Spellcasting   | 3 |  3.5
Dodging        | |  1.5
Stealth        | |  2.1

Action                   |  1- 3 |  4- 6 || total
-------------------------+-------+-------++-------
Melee: Unarmed           |     8 |       ||     8
       Dagger            |   119 |       ||   119
       Hand axe          |       |   117 ||   117
       Short sword       |       |    17 ||    17
       Whip              |       |    15 ||    15
 Cast: Shock             |    53 |   118 ||   171
       Airstrike         |       |     1 ||     1
  Use: Scroll            |     1 |     6 ||     7
Armor: Robe              |     7 |    78 ||    85
       Scale mail        |    56 |       ||    56
       Ring mail         |       |     3 ||     3
Dodge: Dodged            |    82 |   146 ||   228
